 Dungeon Crawl Stone Soup version 0.25-a0-42-g6c54e25894 (webtiles) character file.

Game seed: 16366225327257482689, levelgen mode: deterministic

107225 Amnesiac the Spry (level 15, 0/76 HPs)
             Began as a Felid Earth Elementalist on Oct 22, 2019.
             Was the Champion of Ashenzari.
             Shot with a bolt by a naga sharpshooter (16 damage)
             ... led by Vashnia
             ... on level 2 of the Snake Pit.
             The game lasted 01:36:52 (40643 turns).

Amnesiac the Spry (Felid Earth Elementalist)       Turns: 40643, Time: 01:36:52

Health: 0/76       AC:  3    Str:  4    XL:     15   Next: 99%
Magic:  0/30       EV: 34    Int: 21    God:    Ashenzari [******]
Gold:   1193       SH:  0    Dex: 19    Spells: 3/34 levels left
                                        Lives:  0   Deaths: 3

rFire    + . .     SeeInvis +     - Unarmed
rCold    + + .     Gourm    .   (shield unavailable)
rNeg     . . .     Faith    .   (armour unavailable)
rPois    .         Spirit   +   (helmet unavailable)
rElec    .         Reflect  .   (cloak unavailable)
rCorr    +         Harm     .   (gloves unavailable)
MR       ++...     Clarity  +   (boots unavailable)
Stlth    ++++++....             C - amulet of guardian spirit (curse)
HPRegen  0.22/turn              F - ring of Nyrriloos {rF+ rC+ Int-2 Dex+2} (curse)
MPRegen  0.22/turn              H - ring of resist corrosion (curse)

@: lethally poisoned (0 -> -2), quick
A: very small, no armour, no weapons or thrown items, stealth, claws 1, fangs 3,
see invisible, berserk 1, carnivore, speed 1, shaggy fur 3, slow metabolism 1,
sharp paws
a: Curse Item, Scrying, Transfer Knowledge, Renounce Religion


You were on level 2 of the Snake Pit.
You worshipped Ashenzari.
Ashenzari was exalted by your worship.
You were very full.

You visited 5 branches of the dungeon, and saw 27 of its levels.
You also visited: Ossuary and Gauntlet.

You collected 2638 gold pieces.
You spent 1445 gold pieces at shops.

Inventory:

Missiles
 b - 393 stones
Jewellery
 C - a cursed amulet of guardian spirit (around neck)
 F - the cursed ring of Nyrriloos (left paw) {rF+ rC+ Int-2 Dex+2}
   (You bought it in a shop on level 2 of the Orcish Mines)

   [ring of protection from fire]

   It affects your intelligence (-2).
   It affects your dexterity (+2).
   It protects you from fire.
   It protects you from cold.
   It has a curse placed upon it.
 H - a cursed ring of resist corrosion (right paw)
 K - the ring "Osuraer" {+Fly rF+ rC+}
   (You found it in a Gauntlet)

   [ring of flight]

   It protects you from fire.
   It protects you from cold.
   It lets you fly.
Wands
 d - a wand of enslavement (9)
 q - a wand of random effects (34)
 w - a wand of acid (7)
 y - a wand of digging (5)
 G - a wand of paralysis (9)
 O - a wand of scattershot (5)
 P - a wand of flame (20)
 Q - a wand of clouds (4)
 R - a wand of polymorph (12)
Scrolls
 f - 13 scrolls of identify {!r}
 g - 6 scrolls of amnesia {!r}
 i - 13 scrolls of teleportation {!r}
 j - 10 scrolls of remove curse {!r}
 k - 2 scrolls of fog {!r}
 l - 4 scrolls of fear {!r}
 m - 8 scrolls of magic mapping {!r}
 r - a scroll of holy word {!r}
 I - a scroll of summoning {!r}
Potions
 a - a potion of ambrosia {!q}
 h - 5 potions of invisibility {!q}
 n - 6 potions of cancellation {!q}
 p - 4 potions of resistance {!q}
 s - 9 potions of heal wounds {!q}
 t - 3 potions of might {!q}
 u - 4 potions of haste {!q}
 v - 3 potions of berserk rage {!q}
 x - a potion of mutation {!q}
 z - 4 potions of curing {!q}
 A - 7 potions of brilliance {!q}
 D - 2 potions of flight {!q}
 E - 3 potions of magic {!q}
Miscellaneous
 J - a box of beasts
 L - a lamp of fire
Comestibles
 c - 44 rations


   Skills:
 + Level 14.9 Fighting
 - Level 18.0 Dodging
 - Level 12.0 Stealth
 - Level 11.0 Unarmed Combat
 - Level 10.0 Spellcasting
 - Level 4.0(8.2) Conjurations
 - Level 7.0(11.5) Hexes
 - Level 6.1(10.6) Charms
 - Level 5.0(9.4) Transmutations
 - Level 11.0(15.2) Earth Magic
 - Level 4.0(8.2) Evocations


You had 3 spell levels left.
You knew the following spells:

 Your Spells              Type           Power        Failure   Level  Hunger
a - Sandblast             Erth           ######       0%          1    None
b - Passwall              Tmut/Erth      ######..     1%          2    None
c - Invisibility          Hex            ######..     9%          6    ######.
d - Lee's Rapid Deconstr  Erth           ######....   1%          5    ####...
e - Petrify               Tmut/Erth      ######..     1%          4    ##.....
f - Passage of Golubria   Tloc           N/A          43%         4    ##.....
g - Apportation           Tloc           ##....       4%          1    None
h - Swiftness             Chrm/Air       ####....     1%          2    None
i - Irradiate             Conj/Tmut      #####.....   4%          5    ####...
z - Confusing Touch       Hex            ######       1%          1    None

Your spell library contained the following spells:

 Spells                   Type           Power        Failure   Level  Hunger
 Beastly Appendage        Tmut           ######       1%          1    None
 Sticks to Snakes         Tmut           ######..     1%          2    None
 Confuse                  Hex            ######..     1%          3    None
 Stone Arrow              Conj/Erth      ######       1%          3    None
 Spider Form              Tmut/Pois      ####......   2%          3    None
 Animate Skeleton         Necr           N/A          4%          1    None
 Summon Small Mammal      Summ           ##..         4%          1    None
 Ignite Poison            Fire/Tmut/Pois ####....     4%          3    None
 Sublimation of Blood     Necr           ##........   8%          2    None
 Gell's Gravitas          Tloc           ##........   14%         3    None
 Yara's Violent Unravell  Hex/Tmut       ######....   2%          5    ####...
 Blade Hands              Tmut           ######....   3%          5    ####...
 Ice Form                 Ice/Tmut       ####....     9%          4    ##.....
 Darkness                 Hex            ######....   9%          6    ######.
 Metabolic Englaciation   Hex/Ice        #####.....   14%         5    ####...
 Alistair's Intoxication  Tmut/Pois      ####....     22%         5    ####...


Dungeon Overview and Level Annotations

Branches:
Dungeon (15/15)            Temple (1/1) D:5            Lair (6/6) D:8
  Swamp (0/4) Lair:3        Snake (3/4) Lair:2        Slime (0/5) Lair:5
    Orc (2/2) D:9             Elf (0/3) Orc:2        Depths (0/5) D:15
Ossuary (visited)         Gauntlet (visited)
 Vaults: D:13-14

Altars:
Ashenzari
Cheibriados
Dithmenos
Elyvilon
Fedhas
Gozag
Hepliaklqana
Kikubaaqudgha
Makhleb
Nemelex Xobeh
Okawaru
Qazlal
Ru
Sif Muna
Trog
Uskayaw
Vehumet
Wu Jian
Xom
Yredelemnul
Zin
The Shining One
Beogh

Shops:
D:6 ?   D:9 *   D:12 }   Orc:2 !!(=

Annotations:
D:14 exclusion: 3 doors, Louise
Snake:2 Vashnia


Innate Abilities, Weirdness & Mutations

You cannot wear armour.
You are incapable of wielding weapons or throwing items.
Your paws allow you to move quietly. (Stealth)
You have sharp claws.
You have razor-sharp teeth.
You have supernaturally acute eyesight. (SInv)
You are carnivorous and can eat meat at any time.
You cover ground quickly.
Your thick and shaggy fur keeps you warm. (AC +3, rC+)
You have a slow metabolism.
Your sharp claws are effective at attacking unaware monsters.
You tend to lose your temper in combat.


Message History

The bolt hits you!!
* * * LOW HITPOINT WARNING * * *
You start resting.
The naga sharpshooter is too close now for your liking.
Casting: Petrify (safe; 1% risk of failure)
Confirm with . or Enter, or press ? or * to list all spells.
Aiming: Petrify (safe; 1% risk of failure)
Press: ? - help, Shift-Dir - straight line, f/p - naga sharpshooter
Aim: a naga sharpshooter, wielding a +0 arbalest (chance to defeat MR: 26%)
The naga sharpshooter easily resists.
You start resting.
The naga sharpshooter is too close now for your liking.
Casting: Petrify (safe; 1% risk of failure)
Confirm with . or Enter, or press ? or * to list all spells.
Aiming: Petrify (safe; 1% risk of failure)
Press: ? - help, Shift-Dir - straight line, f/p - naga sharpshooter
Aim: a naga sharpshooter, wielding a +0 arbalest (chance to defeat MR: 26%)
The naga sharpshooter easily resists.
The naga sharpshooter shoots a bolt.
The bolt completely misses you.
You start resting.
The naga sharpshooter is too close now for your liking.
Things that are here:
a +0 shield; a +0 robe; a cursed -2 scimitar
There is a stone staircase leading down, spattered with blood here.
Things that are here:
3 bolts; 2 arrows You start resting.
Vashnia is too close now for your liking.
Things that are here:
a +0 shield; a +0 robe; a cursed -2 scimitar
Casting: Petrify (safe; 1% risk of failure)
Confirm with . or Enter, or press ? or * to list all spells.
Aiming: Petrify (safe; 1% risk of failure)
Press: ? - help, Shift-Dir - straight line, f/p - naga sharpshooter
Aim: a naga sharpshooter, wielding a +0 arbalest (hasn't noticed you, chance to defeat MR: 26%)
The naga sharpshooter is moving more slowly.
Unknown command.
The naga sharpshooter spits poison at you.
The splash of poison misses you.
The naga sharpshooter spits poison at you.
The splash of poison hits you but does no damage.
You are poisoned.
You feel sick.
You catch the helpless naga sharpshooter completely off-guard!
You mangle the naga sharpshooter!!
The naga sharpshooter is moderately wounded.
You feel sick.
The naga sharpshooter stops moving altogether!
You pounce on the unaware helpless naga sharpshooter!
You eviscerate the naga sharpshooter!!!!
You kill the naga sharpshooter!
Items here: ( )) † a +0 arbalest; a +0 scimitar; 15 bolts; a naga corpse You feel sick.
Vashnia takes aim.
Vashnia shoots an arrow.
The arrow hits you!!
* * * LOW HITPOINT WARNING * * *
The arrow burns you.
* * * LOW HITPOINT WARNING * * *
You see here an arrow.
The naga sharpshooter mumbles some strange words.
The naga sharpshooter magically shoots a bolt.
The bolt hits you!!
You die...

#.......................
#...>..................N
#....(.NN...........(.).
#....#(..............###
#...##(..............###
#...##..................
#...##..(...............
#..[##.<(...............
#...##.@....)...........
#...##.(.############.(.
#.....)..############(..
#............(....N(N<..
#.......................
#.......................
########################


You could see Vashnia and a naga sharpshooter.

Vanquished Creatures
  Rupert (Snake:1)
  Gastronok (D:9)
  Kirke (Lair:6)
  An orc warlord (Orc:1)
  Aizul (Snake:1)
  A minotaur (Gauntlet)
  Snorg (D:14)
  Josephine (D:13)
  11 naga warriors
  Fannar (Lair:3)
  8 hydras
  Harold (D:8)
  Erolcha (D:10)
  4 centaur warriors
  6 anacondas
  An ogre mage (D:15)
  8 two-headed ogres
  The ghost of Tux the Grappler, a journeyman VSFi of Makhleb (D:10)
  A death scarab (Gauntlet)
  4 shock serpents
  3 orc high priests
  8 naga sharpshooters
  Sonja (D:13)
  A salamander mystic (Snake:2)
  8 skeletal warriors
  3 unseen horrors
  A naga ritualist (Snake:1)
  7 orc knights
  Pikel (D:8)
  A wizard (D:14)
  2 statues (D:10)
  6 orc sorcerers
  14 ugly things
  A wolf spider zombie (D:15)
  4 mana vipers
  A manticore (D:11)
  9 salamanders
  3 deep elf magi
  3 oklob plants (Lair:6)
  4 centaur zombies
  6 cyclopes
  Psyche (D:9)
  3 naga magi
  A guardian serpent (Lair:2)
  17 black mambas
  A gargoyle (D:14)
  32 spiny frogs
  4 kobold demonologists
  5 komodo dragons
  An efreet (Gauntlet)
  A rime drake (Lair:6)
  3 meliai (D:15)
  5 tyrant leeches (Lair:6)
  Prince Ribbit (D:9)
  3 trolls
  9 blink frogs (Lair:6)
  A wind drake (shapeshifter) (D:13)
  2 hornets
  5 dream sheep (Lair:4)
  11 slime creatures
  A spectral dream sheep (Gauntlet)
  9 hippogriffs
  A vampire (D:13)
  2 fire elementals (Gauntlet)
  6 hogs
  6 wraiths
  2 wyverns
  A human (D:7)
  38 yaks
  2 basilisks
  A hungry ghost (D:9)
  A chaos spawn (Gauntlet)
  A hog (shapeshifter) (D:13)
  10 vampire mosquitoes
  A neqoxec (Gauntlet)
  2 soldier ants (D:15)
  2 wargs
  15 nagas
  An acid dragon (D:15)
  The ghost of hitsuchi the Gusty, an amateur TeAE (D:3)
  3 hell hounds (Gauntlet)
  7 water moccasins
  10 porcupines
  33 orc warriors
  3 slaves (D:8)
  6 black bears
  An eye of draining (D:10)
  3 sky beasts
  A phantom (D:11)
  3 ice beasts
  14 ogres
  2 necrophages
  3 centaurs
  17 crocodiles
  30 bullfrogs
  2 elf zombies (Ossuary)
  3 big kobolds
  A wyvern zombie (D:14)
  A wyvern skeleton (D:10)
  4 scorpions
  8 killer bees (D:11)
  3 wights (D:13)
  2 electric eels
  2 bullfrog zombies
  A howler monkey (D:10)
  9 crimson imps
  A bullfrog skeleton (D:5)
  3 hounds
  18 orc priests
  7 jellies
  8 centaur skeletons
  16 orc wizards
  6 iguanas
  11 worker ants
  7 hell rats (Lair:4)
  A big kobold zombie (Ossuary)
  2 hound skeletons
  4 mummies (Ossuary)
  A howler monkey zombie (D:9)
  A worker ant zombie (D:5)
  10 gnolls
  10 adders
  A shadow imp (D:9)
  An ooze (D:3)
  3 adder zombies (Ossuary)
  3 worms
  A dart slug (D:3)
  4 leopard geckos
  93 orcs
  6 bats
  3 giant cockroaches
  A gnoll zombie (Ossuary)
  18 goblins
  16 hobgoblins
  11 jackals
  27 kobolds
  3 quokkas
  6 frilled lizards
  4 goblin zombies
  A hobgoblin zombie (D:9)
  A kobold skeleton (D:9)
  A kobold zombie (Ossuary)
  A leopard gecko skeleton (D:7)
  3 orc skeletons (D:9)
  An orc zombie (D:9)
  A quokka skeleton (D:6)
  6 rats
  2 rat zombies (Ossuary)
  A bush (D:10)
848 creatures vanquished.

Vanquished Creatures (others)
  2 bushes (Lair:6)
  2 demonic plants (Gauntlet)
  18 fungi
  55 plants
77 creatures vanquished.

Grand Total: 925 creatures vanquished

Notes
Turn   | Place    | Note
-------+----------+-------------------------------------------
     0 | D:1      | Amnesiac the Felid Earth Elementalist began the quest for
                  | the Orb.
     0 | D:1      | Reached XP level 1. HP: 7/7 MP: 4/4
   268 | D:3      | Found a runed translucent door.
   268 | D:3      | Noticed hitsuchi's ghost (amateur TeAE)
   476 | D:3      | Reached skill level 1 in Unarmed Combat
   476 | D:3      | Reached XP level 2. HP: 11/11 MP: 4/6
   481 | D:3      | Learned a level 2 spell: Passwall
  1054 | D:3      | Reached XP level 3. HP: 13/14 MP: 7/7
  1503 | D:3      | Found a burning altar of Makhleb.
  1504 | D:3      | Found a sparkling altar of Nemelex Xobeh.
  1504 | D:3      | Found a stormy altar of Qazlal.
  1504 | D:3      | Found a sacrificial altar of Ru.
  1605 | D:4      | Reached XP level 4. HP: 18/18 MP: 5/8
  1849 | D:4      | Reached XP level 5. HP: 21/21 MP: 0/10
  1922 | D:4      | Learned a level 1 spell: Confusing Touch
  2080 | D:4      | Noticed a necrophage
  2082 | D:4      | Killed a necrophage
  2203 | D:4      | Gained mutation: You are covered in thick fur. (AC +2)
                  | [Felid growth]
  2203 | D:4      | Reached XP level 6. HP: 15/24 MP: 11/11
  2797 | D:5      | Entered Level 5 of the Dungeon
  2985 | D:5      | Reached skill level 5 in Earth Magic
  2993 | D:5      | Learned a level 5 spell: Lee's Rapid Deconstruction
  3123 | D:5      | Reached XP level 7. HP: 27/27 MP: 10/13
  3233 | D:5      | Found a staircase to the Ecumenical Temple.
  3241 | Temple   | Entered the Ecumenical Temple
  3291 | Temple   | Became a worshipper of Ashenzari the Shackled
  3340 | D:5      | Found a sand-covered staircase.
  3347 | Ossuary  | Entered an ossuary
  3772 | Ossuary  | Learned a level 4 spell: Petrify
  5652 | D:3      | Killed hitsuchi's ghost
  6001 | D:5      | Reached * piety under Ashenzari
  6079 | D:6      | Reached XP level 8. HP: 31/31 MP: 13/15
  6189 | D:6      | Reached skill level 3 in Dodging
  6240 | D:6      | Found Coyh's Magic Scroll Shop.
  6501 | D:6      | Reached skill level 4 in Dodging
  6540 | D:6      | Reached skill level 5 in Spellcasting
  6916 | D:7      | Noticed a hornet
  6926 | D:7      | Killed a hornet
  6926 | D:7      | Reached skill level 6 in Dodging
  7225 | D:7      | Reached skill level 7 in Dodging
  7432 | D:7      | Reached XP level 9. HP: 25/34 MP: 15/17
  7875 | D:7      | Found a white marble altar of Elyvilon.
  8304 | D:8      | Found a shimmering altar of Xom.
  8462 | D:8      | Noticed Harold
  8562 | D:8      | Slain by Harold
  8563 | D:8      | Reached XP level 8. HP: -5/31 MP: 1/19
  8594 | D:8      | Killed Harold
  8594 | D:8      | Reached skill level 10 in Earth Magic
  8594 | D:8      | Reached XP level 9. HP: 34/34 MP: 7/20
  8991 | D:8      | Noticed Pikel
  9000 | D:8      | Killed Pikel
  9018 | D:8      | Noticed a komodo dragon
  9019 | D:8      | Found a staircase to the Lair.
  9037 | D:8      | Killed a komodo dragon
  9379 | D:9      | Reached skill level 8 in Dodging
  9386 | D:9      | Found Peurirpho's General Store.
  9389 | D:9      | Bought a scroll of magic mapping for 38 gold pieces
  9562 | D:9      | Reached skill level 9 in Dodging
  9562 | D:9      | Reached XP level 10. HP: 19/37 MP: 23/23
  9716 | D:9      | Noticed Prince Ribbit
  9726 | D:9      | Killed Prince Ribbit
  9752 | D:9      | Found a glowing golden altar of the Shining One.
  9810 | D:9      | Noticed Psyche
  9883 | D:9      | Noticed Gastronok
  9971 | D:9      | Reached skill level 10 in Dodging
 10510 | D:9      | Killed Psyche
 10513 | D:9      | Noticed a two-headed ogre
 10546 | D:9      | Killed a two-headed ogre
 10546 | D:9      | Reached skill level 11 in Dodging
 11014 | D:9      | Found a staircase to the Orcish Mines.
 11042 | D:9      | Reached ** piety under Ashenzari
 11249 | D:9      | Killed Gastronok
 11249 | D:9      | Reached skill level 12 in Dodging
 11352 | D:10     | Entered Level 10 of the Dungeon
 11358 | D:10     | Reached skill level 13 in Dodging
 11471 | D:10     | Noticed Tux's ghost (journeyman VSFi)
 11472 | D:10     | Identified the cursed +3 great sword "Yfem" {antimagic,
                  | rPois Dex+3}
 11472 | D:10     | Identified the cursed +1 plate armour of the Sun {+Inv rC-
                  | Str+8 Int+2}
 11482 | D:10     | Reached XP level 11. HP: 40/40 MP: 8/24
 11491 | D:10     | Found a runed translucent gate.
 11492 | D:10     | Found a runed translucent gate.
 11499 | D:10     | Found a runed translucent gate.
 11747 | D:10     | Found a roughly hewn altar of Beogh.
 11952 | D:10     | Reached skill level 14 in Dodging
 12096 | D:10     | Identified the +1 robe of Existentialism {+Inv MR+}
 12115 | D:10     | Noticed an archer statue
 12147 | D:10     | Noticed an archer statue
 12462 | D:10     | Killed an archer statue
 12878 | D:10     | Killed an archer statue
 13391 | D:10     | Reached skill level 15 in Dodging
 13680 | D:10     | Reached skill level 1 in Fighting
 13794 | D:10     | Killed Tux's ghost
 13794 | D:10     | Reached skill level 1 in Evocations
 13937 | D:11     | Noticed a five-headed hydra
 14076 | D:11     | Noticed Erolcha
 14083 | D:10     | Killed Erolcha
 14207 | D:11     | Noticed a green ugly thing
 14232 | D:11     | Killed a green ugly thing
 14350 | D:11     | Killed a five-headed hydra
 14528 | D:11     | Noticed a cyan ugly thing
 14558 | D:11     | Killed a cyan ugly thing
 14864 | D:11     | Noticed a two-headed ogre
 14881 | D:11     | Killed a two-headed ogre
 14881 | D:11     | Reached skill level 5 in Fighting
 14912 | D:11     | Gained mutation: Your thick and shaggy fur keeps you warm.
                  | (AC +3, rC+) [Felid growth]
 14912 | D:11     | Reached XP level 12. HP: 51/51 MP: 8/25
 15109 | D:11     | Found a blossoming altar of Fedhas.
 15342 | Orc:1    | Entered Level 1 of the Orcish Mines
 15342 | Orc:1    | Noticed a two-headed ogre
 15740 | D:9      | Killed a two-headed ogre
 16169 | Orc:1    | Found a roughly hewn altar of Beogh.
 16337 | Orc:2    | Entered Level 2 of the Orcish Mines
 16339 | Orc:2    | Noticed an orc warlord
 17208 | Orc:2    | Found a roughly hewn altar of Beogh.
 17375 | Orc:1    | Killed an orc warlord
 17571 | Orc:2    | Found a staircase to the Elven Halls.
 17822 | Orc:2    | Noticed an orc high priest
 17823 | Orc:2    | Noticed an orc high priest
 17827 | Orc:2    | Noticed an orc high priest
 17828 | Orc:2    | Noticed a two-headed ogre
 17834 | Orc:2    | Reached *** piety under Ashenzari
 18087 | Orc:2    | Killed a two-headed ogre
 18087 | Orc:2    | Reached skill level 5 in Stealth
 18341 | Orc:1    | Killed an orc high priest
 18770 | Orc:2    | Killed an orc high priest
 19120 | Orc:2    | Reached XP level 13. HP: 60/60 MP: 6/26
 19236 | Orc:2    | Found Paud's Jewellery Boutique.
 19243 | Orc:2    | Found Zacas's Antique Weapon Shoppe.
 19250 | Orc:2    | Found Vocooh's Distillery.
 19252 | Orc:2    | Found Enissaf's Distillery.
 19258 | Orc:2    | Bought a potion of heal wounds for 80 gold pieces
 19258 | Orc:2    | Bought a potion of brilliance for 64 gold pieces
 19258 | Orc:2    | Bought a potion of brilliance for 64 gold pieces
 19258 | Orc:2    | Bought a potion of mutation for 128 gold pieces
 19260 | Orc:2    | Bought a potion of flight for 51 gold pieces
 19260 | Orc:2    | Bought 2 potions of magic for 272 gold pieces
 19260 | Orc:2    | Bought a potion of heal wounds for 85 gold pieces
 19339 | Orc:2    | Reached skill level 5 in Unarmed Combat
 19538 | Orc:2    | Bought the ring of Nyrriloos {rF+ rC+ Int-2 Dex+2} for 663
                  | gold pieces
 19686 | Lair:1   | Entered Level 1 of the Lair of Beasts
 20506 | Lair:2   | Found a staircase to the Snake Pit.
 21060 | Lair:2   | Reached skill level 5 in Transmutations
 21767 | Lair:3   | Noticed Fannar
 21774 | Lair:3   | Killed Fannar
 21938 | Lair:3   | Found a staircase to the Swamp.
 22012 | Lair:3   | Reached **** piety under Ashenzari
 22576 | Lair:3   | Learned a level 6 spell: Invisibility
 22581 | Lair:3   | Learned a level 4 spell: Passage of Golubria
 22583 | Lair:3   | Learned a level 1 spell: Apportation
 22586 | Lair:3   | Learned a level 2 spell: Swiftness
 22857 | Lair:4   | Reached skill level 1 in Hexes
 23162 | Lair:4   | Reached ***** piety under Ashenzari
 24191 | Lair:5   | Reached skill level 5 in Hexes
 24372 | Lair:5   | Found a staircase to the Slime Pits.
 24447 | Lair:6   | Entered Level 6 of the Lair of Beasts
 25253 | Lair:6   | Reached XP level 14. HP: 52/65 MP: 12/27
 25570 | Lair:6   | Reached skill level 10 in Fighting
 25770 | Lair:6   | Noticed Kirke
 26937 | Lair:6   | Killed Kirke
 27488 | Lair:6   | Learned a level 5 spell: Irradiate
 27812 | D:12     | Reached skill level 1 in Charms
 27996 | D:12     | Found Sumnoesm's Gadget Boutique.
 28392 | D:12     | Reached skill level 5 in Charms
 28957 | D:13     | Found a gate leading to a gauntlet.
 28971 | D:13     | Reached skill level 1 in Conjurations
 28995 | Gauntlet | Entered a Gauntlet
 28995 | Gauntlet | Found a transporter.
 29112 | Gauntlet | Found a transporter.
 29121 | Gauntlet | Found a transporter.
 29126 | Gauntlet | Found a transporter.
 29141 | Gauntlet | Found a transporter.
 29145 | Gauntlet | Reached ****** piety under Ashenzari
 29160 | Gauntlet | Found a transporter.
 29163 | Gauntlet | Identified the ring "Osuraer" {+Fly rF+ rC+}
 29172 | Gauntlet | Found a transporter.
 29184 | Gauntlet | Found a transporter.
 29196 | Gauntlet | Found a transporter.
 29208 | Gauntlet | Found a transporter.
 29225 | Gauntlet | Found a transporter.
 29243 | Gauntlet | Found a transporter.
 29245 | Gauntlet | Found a transporter.
 29270 | Gauntlet | Found a transporter.
 29272 | Gauntlet | Found a transporter.
 29292 | Gauntlet | Found a transporter.
 29370 | Gauntlet | Found a transporter.
 29390 | Gauntlet | Found a transporter.
 29656 | Gauntlet | Gained mutation: You tend to lose your temper in combat. [a
                  | neqoxec]
 30208 | D:13     | Noticed Josephine
 30718 | D:13     | Reached skill level 16 in Dodging
 30746 | D:13     | Killed Josephine
 30773 | D:13     | Reached XP level 15. HP: 71/71 MP: 0/29
 30999 | D:13     | Noticed Sonja
 31012 | D:13     | Killed Sonja
 32011 | D:14     | Noticed Louise
 32071 | D:14     | Noticed Snorg
 32128 | D:14     | Killed Snorg
 32991 | D:15     | Entered Level 15 of the Dungeon
 33412 | D:15     | Found a shadowy altar of Dithmenos.
 33423 | D:15     | Reached skill level 10 in Spellcasting
 33444 | D:15     | Slain by a four-headed hydra
 33445 | D:15     | Reached XP level 14. HP: -5/68 MP: 0/29
 33727 | D:15     | Reached skill level 10 in Unarmed Combat
 33848 | D:15     | Reached skill level 10 in Stealth
 33996 | D:15     | Found a staircase to the Depths.
 34314 | D:15     | Reached skill level 17 in Dodging
 34925 | Snake:1  | Entered Level 1 of the Snake Pit
 34991 | Snake:1  | Reached XP level 15. HP: 65/72 MP: 23/30
 35685 | Snake:1  | Noticed Aizul
 35693 | Snake:1  | Killed Aizul
 36221 | Snake:1  | Noticed Rupert
 36221 | Snake:1  | Killed Rupert
 36526 | Snake:1  | Reached skill level 18 in Dodging
 37051 | Snake:2  | Noticed Vashnia
 37985 | Snake:2  | Slain by a black mamba
 37986 | Snake:2  | Reached XP level 14. HP: -1/71 MP: 0/29
 39972 | Snake:3  | Reached XP level 15. HP: 68/76 MP: 28/30
 40643 | Snake:2  | Shot with a bolt by a naga sharpshooter

Levels and vault maps discovered:
D:1:      dpeg_arrival_line_fractal, layout_basic
D:2:      layout_loops_ring, serial_glass, glass_columns_a, glass_columns_a,
          st_stairs_8, kennysheep_minor_cross, minmay_misc_feat_secret_circle,
          kennysheep_small_spiral
D:3:      layout_rooms, chequers_temple_overflow_statue_of_worship,
          hellmonk_ghost_happy_afterlife, grunt_decor_one_mirror,
          kennysheep_generic_room_12
D:4:      layout_basic
D:5:      layout_loops_corners, minmay_temple_entry_steel_oval, first_ration,
          chequers_ossuary_entry_cave
D:6:      layout_cave_pools, serial_shops, shop, grunt_ministairs_8,
          lemuel_flamethrower_2
D:7:      corexii_shantytown, layout_loops_cross, elyvilon_altar_1,
          grunt_livestock
D:8:      layout_basic, david_lair_shrubbed, serial_glass, glass_columns_c,
          glass_columns_b, xom_teletrap_fun, uniq_pikel, uniq_harold
D:9:      layout_small_grid, nicolae_tso_besieged_by_evil, orc_david_3,
          serial_shops, kennysheep_mini_moat, uniq_prince_ribbit1,
          uniq_gastronok, uniq_psyche
D:10:     layout_long_grid, biasface_ghost_orc_armoury,
          minmay_dual_archer_statues
D:11:     layout_irregular_city, basic_altar, uniq_erolcha
D:12:     layout_irregular_city, minmay_shop_grid_forest
D:13:     layout_cave_pools, gauntlet_entry_generic,
          minmay_fractal_squares_gapless_7, uniq_sonja, uniq_josephine
D:14:     layout_rooms, grunt_vaults_entry_tiered, minmay_misc_feat_chi,
          serial_curves, eino_curves_02, eino_curves_03, eino_curves_01,
          eino_curves_01, minmay_checkerbox, uniq_louise, uniq_snorg
D:15:     grunt_enter_depths_magical_seal, layout_loops_ring,
          minmay_misc_feat_rows, st_stairs_3, nicolae_dithmenos_shadow_blocks
Temple:   nicolae_temple_elliptical
Lair:1:   layout_chaotic_city, grunt_megastairs_1, serial_bayou_shore_b
Lair:2:   layout_cave_pods, minmay_snake_entry_spellcaster,
          infiniplex_staircase_pool_2
Lair:3:   layout_chaotic_city, minmay_swamp_entry_reptiles, uniq_fannar
Lair:4:   layout_regular_city, serial_rivers, chequers_serial_rivers_large_b,
          chequers_serial_rivers_micro_e, chequers_serial_rivers_small_b,
          chequers_serial_rivers_micro_a, lemuel_fruit_fields,
          serial_bayou_shore_a
Lair:5:   layout_loops_ring, dpeg_slime_entry_corner
Lair:6:   minmay_lair_end_frog_pond, layout_misc_corridors, lemuel_fruit_fields,
          infiniplex_staircase_pool, minmay_lair_oklob_chamber, uniq_kirke
Snake:1:  layout_concentric_octagons, grunt_ministairs_4, uniq_aizul,
          uniq_rupert
Snake:2:  layout_grid_maze, uniq_vashnia
Snake:3:  layout_onion, grunt_megastairs_4
Orc:1:    cheibrodos_orc_bank, layout_diamond_mine, basic_altar
Orc:2:    st_orc_elflike, layout_diamond_mine, david_defended_altar_orc

Skill      XL: |  1  2  3  4  5  6  7  8  9 10 11 12 13 14 15 |
---------------+----------------------------------------------+-----
Stealth        | 3 4 8 9 10 12 | 12.0
Earth Magic    | 3 4 5 6 10 9 11 | 11.0
Unarmed Combat | 1 2 3 4 9 10 11 | 11.0
Spellcasting   | 3 4 7 8 9 10 | 10.0
Dodging        | 7 9 13 15 17 18 | 18.0
Fighting       | 5 9 14 13 | 14.9
Evocations     | 3 4 |  4.0
Transmutations | 4 5 |  5.0
Hexes          | 7 |  7.0
Charms         | 6 |  6.1
Conjurations   | 4 |  4.0

Action                   |  1- 3 |  4- 6 |  7- 9 | 10-12 | 13-15 || total
-------------------------+-------+-------+-------+-------+-------++-------
Melee: Unarmed           |    88 |    56 |   473 |   653 |   888 ||  2158
       Bite              |     5 |     6 |    27 |    85 |    87 ||   210
       Punch             |       |     2 |     6 |    12 |    30 ||    50
 Cast: Sandblast         |    14 |    39 |    88 |    95 |   166 ||   402
       Passwall          |    11 |       |    10 |    17 |    52 ||    90
       Confusing Touch   |       |     1 |       |     1 |       ||     2
       Petrify           |       |       |    32 |   131 |   279 ||   442
       Lee's Rapid Decon |       |       |    18 |    77 |   159 ||   254
       Irradiate         |       |       |       |       |     2 ||     2
Invok: Curse Item        |       |       |       |       |     3 ||     3
Evoke: Wand              |       |       |       |     7 |    11 ||    18
  Use: Potion            |       |     3 |       |     2 |     6 ||    11
       Scroll            |       |       |    20 |     7 |     7 ||    34
 Stab: Sleeping          |     6 |     4 |    34 |     4 |    70 ||   118
       Confused          |       |     2 |       |       |       ||     2
       Petrified         |       |       |    46 |   243 |   208 ||   497
       Petrifying        |       |       |     1 |    24 |    68 ||    93
       Distracted        |       |       |     1 |     4 |       ||     5
  Eat: Chunk             |    10 |     3 |    30 |    48 |    92 ||   183
       Ration            |       |       |       |       |     3 ||     3
Armor: Skin              |     6 |     4 |    20 |     9 |    46 ||    85
Dodge: Dodged            |    78 |    44 |   384 |   487 |   814 ||  1807

Table legend:
 A = Non-vault XP
 B = Vault XP
 C = Vault XP percentage of total XP
 D = Non-vault monster count
 E = Vault monster count
 F = Vault count percentage of total count
                 A         B        C        D         E       F
            +---------+---------+-------+---------+---------+-------
      Total |  122789 |   73409 |  37.4 |     591 |     253 |  30.0
            +---------+---------+-------+---------+---------+-------
        D:1 |      27 |       0 |   0.0 |      18 |       0 |   0.0
        D:2 |     102 |       3 |   2.9 |      18 |       1 |   5.3
        D:3 |      65 |     148 |  69.5 |      21 |       1 |   4.5
        D:4 |     339 |       0 |   0.0 |      14 |       0 |   0.0
        D:5 |     459 |       0 |   0.0 |      13 |       0 |   0.0
        D:6 |     654 |      66 |   9.2 |      12 |       2 |  14.3
        D:7 |    1179 |    1098 |  48.2 |      25 |      31 |  55.4
        D:8 |    1150 |    1987 |  63.3 |      20 |       3 |  13.0
        D:9 |    3270 |    3440 |  51.3 |      37 |      20 |  35.1
       D:10 |    2994 |    3677 |  55.1 |      28 |      16 |  36.4
       D:11 |    5321 |       0 |   0.0 |      25 |       0 |   0.0
       D:12 |    7787 |     918 |  10.5 |      46 |       3 |   6.1
       D:13 |    6205 |    5742 |  48.1 |      28 |      12 |  30.0
       D:14 |    9839 |    3871 |  28.2 |      29 |       5 |  14.7
       D:15 |   17655 |    6064 |  25.6 |      41 |      11 |  21.2
     Lair:1 |    2598 |     109 |   4.0 |      12 |       1 |   7.7
     Lair:2 |    5213 |     434 |   7.7 |      26 |       1 |   3.7
     Lair:3 |    1531 |    1688 |  52.4 |       7 |       5 |  41.7
     Lair:4 |    2403 |       0 |   0.0 |      19 |       0 |   0.0
     Lair:5 |    4173 |    1462 |  25.9 |      16 |       5 |  23.8
     Lair:6 |    5562 |   17498 |  75.9 |      17 |      53 |  75.7
    Snake:1 |   19406 |    5900 |  23.3 |      33 |       4 |  10.8
    Snake:2 |   17629 |    4260 |  19.5 |      32 |       5 |  13.5
    Snake:3 |     468 |    1461 |  75.7 |       1 |       2 |  66.7
      Orc:1 |    3512 |    2377 |  40.4 |      22 |      19 |  46.3
      Orc:2 |    3248 |    6985 |  68.3 |      31 |      26 |  45.6
    Ossuary |       0 |     311 | 100.0 |       0 |      16 | 100.0
   Gauntlet |       0 |    3910 | 100.0 |       0 |      11 | 100.0
            +---------+---------+-------+---------+---------+-------
